 Dungeon Crawl Stone Soup version 0.31-a0-977-gc230f8ef24 (webtiles) character file.

Game seed: 9887567810181130227

11 Azuregosa the Slasher (level 2, 18/18 HPs)
             Began as a Deep Elf Chaos Knight on Oct 29, 2023.
             Was a Plaything of Xom.
             Quit the game on level 1 of the Dungeon.
             The game lasted 00:01:29 (269 turns).

Azuregosa the Slasher (Deep Elf Chaos Knight)        Turns: 269, Time: 00:01:29

Health: 18/18      AC:  7    Str:  9    XL:     2   Next: 13%
Magic:  4/4        EV: 17    Int: 16    God:    Xom [....*.]
Gold:   4          SH:  0    Dex: 16    Spells: 1/1 levels left

rFire   . . .        a - +0 falchion (chaos)
rCold   . . .        (no shield)
rNeg    . . .        b - +2 leather armour
rPois   .            (no helmet)
rElec   .            (no cloak)
rCorr   .            (no gloves)
SInv    .            (no boots)
Will    +....        (no amulet)
Stlth   ++           e - +5 ring of evasion
HPRegen 0.23/turn    (no ring)
MPRegen 0.09/turn

%: no passive effects
@: no status effects
A: claws 1, iridescent scales 1, thin skeletal structure 1, strong-willed 1
a: Renounce Religion


You were on level 1 of the Dungeon.
You worshipped Xom.
You were a beloved toy of Xom.
You visited 1 branch of the dungeon, and saw 1 of its levels.

You collected 4 gold pieces.

Inventory:

Hand Weapons
 a - a +0 falchion of chaos (weapon)
Missiles
 d - 6 curare-tipped darts
Armour
 b - a +2 leather armour (worn)
Jewellery
 e - a +5 ring of evasion (left claw)
Scrolls
 c - a scroll of butterflies
 f - a scroll of amnesia {unknown}
Potions
 g - a potion of brilliance {unknown}


   Skills:
 + Level 2.7 Fighting
 + Level 3.0 Long Blades
 - Level 0.7 Armour
 - Level 2.4 Dodging


You had one spell level left.
You didn't know any spells.
Your spell library contained the following spells:

 Spells                   Type           Power      Damage    Failure   Level
 Poisonous Vapours        Pois/Air       0%         N/A       45%         2
 Mephitic Cloud           Conj/Pois/Air  0%         N/A       71%         3
 Freezing Cloud           Conj/Ice/Air   0%         6-21      100%        5


Dungeon Overview and Level Annotations

Branches:
Dungeon (1/15)

Altars:


Innate Abilities, Weirdness & Mutations

You have sharp fingernails.
You are partially covered in iridescent scales. (AC +2)
You have a somewhat thin skeletal structure. (Dex +2, Stealth+)
You are strong-willed. (Will+)


Message History

You miss the jackal. The jackal misses you.
You hit the jackal. You freeze the jackal.
The jackal is almost dead.
The jackal bites you but does no damage.
The jackal barely misses you.
You closely miss the jackal.
The jackal is almost dead.
The jackal misses you. The jackal completely misses you.
You hit the jackal. You burn the jackal.
You kill the jackal!
The jackal misses you.
You hit the jackal but do no damage.
The jackal is almost dead.
The jackal completely misses you.
You hit the jackal.
You kill the jackal!
Your Long Blades skill increases to level 3!
You see here a jackal corpse.
There is an escape hatch in the floor here.
f - a scroll labelled LAURHU DUAPN An endoplasm comes into view.
The helpless endoplasm fails to defend itself.
You hit the endoplasm.
You kill the endoplasm!
You have reached level 2!
A giant cockroach comes into view.
You closely miss the giant cockroach.
The giant cockroach bites you but does no damage.
The giant cockroach closely misses you.
You hit the giant cockroach.
You kill the giant cockroach!
You now have 4 gold pieces.
Found a robe.
g - a glowing puce potion
Found a dagger.
A rat comes into view.
You barely miss the rat. Your claw misses the rat. The rat misses you.
You slash the rat!
You kill the rat!
Are you sure you want to abandon this character and quit the game? (Confirm with "yes".)

........# .#.~##.~.....~..
........# ###....~.~~~......
........# ###).....~≈.≈~~~.~.#
........# #..#..~~≈~≈≈.~~≈~~~.
.....#.## ##...~≈≈~~...~~≈~~.
.......# ##.##.≈≈≈≈..<..~≈≈..
....#..#######.##.~~~~~~..~~~≈~~.
#####...[...#..#..~~..~≈~.~~≈≈...
##.####...##@~...~≈≈≈~.~≈~.~≈
#.####.#.#....##..~~≈≈....~~
#...##.#.###..#...........~.
###..#.### ..#.#.###.###..~.
##...# .##### #.. ##.## ##..# #
### ### #........ ##.##.### #.# #


There were no monsters in sight!

Vanquished Creatures
  An endoplasm (D:1)
  A giant cockroach (D:1)
  4 jackals (D:1)
  A ball python (D:1)
  A frilled lizard (D:1)
  A rat (D:1)
  A spectral kobold (D:1)
10 creatures vanquished.

Notes
Turn   | Place    | Note
-------+----------+-------------------------------------------
     0 | D:1      | Azuregosa the Deep Elf Chaos Knight began the quest for the
                  | Orb.
     0 | D:1      | Reached XP level 1. HP: 13/13 MP: 3/3
    70 | D:1      | Found a faded altar of an unknown god.
    96 | D:1      | XOM: divination: detect creatures
   157 | D:1      | XOM: give mutations
   157 | D:1      | Gained mutation: You have a somewhat thin skeletal
                  | structure. (Dex +2, Stealth+) [Xom's grace]
   157 | D:1      | Gained mutation: You are strong-willed. (Will+) [Xom's
                  | grace]
   157 | D:1      | Gained mutation: You have sharp fingernails. [Xom's grace]
   157 | D:1      | Gained mutation: You are partially covered in iridescent
                  | scales. (AC +2) [Xom's grace]
   199 | D:1      | Reached skill level 3 in Long Blades
   222 | D:1      | Reached XP level 2. HP: 18/18 MP: 4/4
   269 | D:1      | Quit the game

Illustrated notes

Levels and vault maps discovered:
D:1:      dpeg_arrival_subterranean_lakeside_camping, layout_basic,
          dreamdust_ecumenical_altar_drowned_temple

Skill      XL: |  1 |
---------------+----+-----
Long Blades    | 3 |  3.0
Fighting       | |  2.7
Armour         | |  0.7
Dodging        | |  2.4

Action                     || total
---------------------------++-------
  Melee: Falchion          ||    26
   Stab: Sleeping          ||     1
 Armour: Leather armour    ||    10
  Dodge: Dodged            ||    22

Table legend: (Time is in decaauts)
 A = Elapsed time spent in this place.
 B = Non-inter-level travel time spent in this place.
 C = Inter-level travel time spent in this place.
 D = Time resting spent in this place.
 E = Time spent auto-exploring this place.
 F = Levels seen in this place.
 G = Mean time per level.
                   A        B        C        D        E       F      G
               +--------+--------+--------+--------+--------+-----+--------+
         Total |    274 |    274 |      0 |      0 |    166 |   1 |  274.0 |
       Dungeon |    274 |    274 |      0 |      0 |    166 |   1 |  274.0 |
               +--------+--------+--------+--------+--------+-----+--------+

Top non-repeatable levels by time:
     D:1: 274 daAuts
